Construct Section Command Post
Selects Indian Artillery Battlegroup
Selects Indian Artillery Battlegroup
Construct Platoon Command Post
Construct Platoon Command Post
Selects Gurkha Rifles Section
6-pounder Anti-tank Gun Team
Construct Field Infirmary
Construct Company Command Post
Selects Volunteer Infantry
Selects Artillery Saturation
Selects Off-map Airburst Barrage
Unlock M3 Grant Medium Tanks
Selects Perimeter Monitor